AoeStats
← Rockinload

Arabia

505422484Analyzed
1v1 RM · 23d ago on Sep 9, 2026· 29m 29s· 2 players
Game mode
Random Map
Map size
Tiny (2 player)
Population
200
Speed
Normal
Resources
Standard
Victory
Conquest
Starting age
Dark Age
Ending age
Imperial Age
RankedLock teamsTeams togetherTeam positionsShared explorationLock speedFull tech treeHidden civsTurbo modeCheats
Victory
Defeat
🇹🇷 Georgians · Türkiye
917
+15
🇬🇧 Vikings · United Kingdom
894
-15
Rockinload
11:31 Feudal Age
13:03 Double-Bit Axe
14:03 Loom
22:18 Castle Age
21:34 Fletching
22:06 Man-at-Arms
23:02 Scale Mail Armor
23:02 Pikeman
23:48 Crossbowman
27:36 Bow Saw
DÜBELCİ
6:32 Loom
9:01 Feudal Age
10:01 Double-Bit Axe
14:58 Bloodlines
19:34 Castle Age
17:54 Horse Collar
18:55 Scale Barding Armor
19:38 Bloodlines
20:30 Heavy Plow
20:43 Bow Saw
20:40 Husbandry
29:19 Wheelbarrow
29:32 Scale Barding Armor
Connection lost

Rejoining the realm…

Still unreachable

The connection could not be restored.

Session expired

The server has moved on; the page needs a fresh start.